 Dungeon Crawl Stone Soup version 0.32-a0-460-gc8eefc9 (webtiles) character file.

Game seed: 2769166727817371191

21 Remcycle the Poker (level 2, -1/22 HPs)
             Began as a Merfolk Gladiator on Feb 24, 2024.
             Killed by divine providence
             ... invoked by an orc priest
              (13 damage)
             ... on level 2 of the Dungeon.
             The game lasted 00:01:55 (933 turns).

Remcycle the Poker (Merfolk Gladiator)               Turns: 933, Time: 00:01:55

Health: -1/22      AC:  4    Str: 20    XL:     2   Next: 83%
Magic:  2/2        EV: 13    Int:  7    God:
Gold:   73         SH:  0    Dex: 15    Spells: 1/1 levels left

rFire   . . .        p - +0 halberd
rCold   . . .        (shield currently unavailable)
rNeg    . . .        b - +0 leather armour
rPois   .            c - +0 helmet
rElec   .            (no cloak)
rCorr   .            (no gloves)
SInv    .            (no boots)
Will    .....        (no amulet)
Stlth   +            h - +6 ring of strength
HPRegen 0.23/turn    (no ring)
MPRegen 0.08/turn

%: no passive effects
@: no status effects
A: (nimble swimmer 2), mertail
a: Convert to Beogh


You were on level 2 of the Dungeon.
You visited 1 branch of the dungeon, and saw 2 of its levels.

You collected 73 gold pieces.

Inventory:

Hand Weapons
 p - a +0 halberd (weapon)
Missiles
 d - 3 throwing nets (quivered)
 e - a javelin
Armour
 b - a +0 leather armour (worn)
 c - a +0 helmet (worn)
Jewellery
 h - a +6 ring of strength (left hand)
Scrolls
 f - 3 scrolls of identify {unknown}
 g - 2 scrolls of enchant weapon {unknown}
 n - a scroll of teleportation {unknown}
 o - a scroll of noise {unknown}
Potions
 a - a potion of resistance {unknown}
 i - a potion of mutation {unknown}
 j - a potion of might {unknown}
 k - a potion of berserk rage {unknown}
 l - a potion of degeneration {unknown}
 m - a potion of enlightenment {unknown}
 q - a potion of curing {unknown}


   Skills:
 - Level 2.1 Fighting
 + Level 5.3 Polearms
 - Level 2.0 Throwing
 - Level 4.0 Dodging


You had one spell level left.
You didn't know any spells.
Your spell library was empty.

Dungeon Overview and Level Annotations

Branches:
Dungeon (2/15)

Altars:


Innate Abilities, Weirdness & Mutations

((You are very nimble when in or above water. (Stealth+, EV+, Speed+++)))
Your lower body shifts to a powerful aquatic tail in water.


Message History

a - a ruby potion You see here a +0 dagger.
An endoplasm comes into view.
An endoplasm is nearby!
You slash the endoplasm!
You kill the endoplasm!
An orc comes into view. It is wielding a +0 short sword.
You reach to attack!
You closely miss the orc. You puncture the orc!
You kill the orc!
No target in view!
No target in view!
You now have 73 gold pieces (gained 12).
Things that are here:
a +0 short sword; a +0 dagger; an orc corpse A quokka comes into view.
An orc priest comes into view.
It is wielding a +1 short sword of electrocution.
There are monsters nearby!
The orc priest shouts!
You hear a shout!
An orc wizard comes into view. It is wielding a +0 dagger.
The orc wizard shouts!
The orc priest calls down the wrath of Beogh upon you.
Beogh smites you!
Ouch! That really hurt!
The orc priest shouts, "Surrender to Beogh and we'll let you live!" (press Y on the ability menu to convert to Beogh)
An orc wizard is nearby!
An orc wizard is nearby!
The orc wizard points at you and mumbles some strange words.
The puff of flame misses you.
The orc wizard gestures wildly while chanting.
The orc wizard flickers and vanishes!
Deactivating autopickup; reactivate with Ctrl-A.
A quokka is nearby!
Unknown command.
Unknown command.
The orc priest mumbles some strange prayers to Beogh against you.
Beogh smites you!
Ouch! That really hurt!
You die...

#........................
#.....#######.###....#..## .
##.....####...##...#..... ..
####.....##.####......... ...
##......#....#...........##....
#........†#.......###.##.......
..........#.#.....###.##.......
.......†...........).....o.....
..............#.@####.##.......
....>.............r##.##.......
............#.##....o..........
#.........<.#.###.....##...##..
..............# #.#.### ...# .
.........)...## #.....# .o.#
(............########.##...##
...............######........
..........†.................


You could see an orc priest and a quokka.

Vanquished Creatures
  An orc (D:2)
  A bat (D:2)
  4 endoplasms
  2 giant cockroaches (D:2)
  A goblin (D:1)
  A hobgoblin (D:2)
  A kobold (D:2)
  A quokka (D:1)
  2 ball pythons
  2 frilled lizards (D:1)
16 creatures vanquished.

Notes
Turn   | Place    | Note
-------+----------+-------------------------------------------
     0 | D:1      | Remcycle the Merfolk Gladiator began the quest for the Orb.
     0 | D:1      | Reached XP level 1. HP: 16/16 MP: 1/1
     2 | D:1      | Noticed a vine stalker
     2 | D:1      | Noticed an armataur
     4 | D:1      | Noticed a formicid
     4 | D:1      | Noticed an elf
     6 | D:1      | Noticed a gargoyle
     6 | D:1      | Noticed a draconian
     8 | D:1      | Noticed a barachi
    10 | D:1      | Noticed a vampire
    10 | D:1      | Noticed a demigod
    12 | D:1      | Noticed an oni
    12 | D:1      | Noticed a felid
    14 | D:1      | Noticed a human
    14 | D:1      | Noticed a naga
    16 | D:1      | Noticed a merfolk
    18 | D:1      | Noticed a demonspawn
    18 | D:1      | Noticed a ghoul
    20 | D:1      | Noticed an octopode
    20 | D:1      | Noticed a minotaur
    22 | D:1      | Noticed a troll
    24 | D:1      | Noticed a dwarf
    26 | D:1      | Noticed a tengu
    26 | D:1      | Noticed a djinni
    28 | D:1      | Noticed a spriggan
   557 | D:1      | Reached XP level 2. HP: 22/22 MP: 2/2
   847 | D:2      | Reached skill level 5 in Polearms
   933 | D:2      | Killed from afar by an orc priest

Illustrated notes

Levels and vault maps discovered:
D:1:      kb_arrival_jail, layout_loops_corners
D:2:      layout_rooms, shapermc_ecumenical_altar_venn

Skill      XL: |  1  2 |
---------------+-------+-----
Polearms       | 5 |  5.3
Fighting       | |  2.1
Throwing       | |  2.0
Dodging        | |  4.0

Action                     || total
---------------------------++-------
  Melee: Trident           ||    25
         Halberd           ||     5
   Stab: Sleeping          ||     2
 Armour: Leather armour    ||     3
  Dodge: Dodged            ||    14

Table legend: (Time is in decaauts)
 A = Elapsed time spent in this place.
 B = Non-inter-level travel time spent in this place.
 C = Inter-level travel time spent in this place.
 D = Time resting spent in this place.
 E = Time spent auto-exploring this place.
 F = Levels seen in this place.
 G = Mean time per level.
                   A        B        C        D        E       F      G
               +--------+--------+--------+--------+--------+-----+--------+
         Total |    935 |    872 |     63 |      0 |    755 |   2 |  467.5 |
       Dungeon |    935 |    872 |     63 |      0 |    755 |   2 |  467.5 |
               +--------+--------+--------+--------+--------+-----+--------+

Top non-repeatable levels by time:
     D:1: 817 daAuts
     D:2: 117 daAuts
